 Dungeon Crawl Stone Soup version 0.26-a0-1049-g242049e08c (webtiles) character file.

Game seed: 2174116604170207815

134 ThePonjo the Chopper (level 4, -2/39 HPs)
             Began as a Draconian Berserker on Dec 12, 2020.
             Was a Believer of Trog.
             Slain by a gnoll
             ... wielding a +0 whip
              (8 damage)
             ... on level 2 of the Dungeon.
             The game lasted 00:12:24 (1573 turns).

ThePonjo the Chopper (Draconian Berserker)          Turns: 1573, Time: 00:12:24

Health: -2/39      AC:  6    Str: 20    XL:     4   Next: 95%
Magic:  4/4        EV: 13    Int:  8    God:    Trog [**....]
Gold:   144        SH:  0    Dex: 10    Spells: 3/3 levels left

rFire    . . .     SeeInvis .   a - +0 hand axe
rCold    . . .     Faith    .   (no shield)
rNeg     . . .     Spirit   .   (armour unavailable)
rPois    .         Reflect  .   (helmet restricted)
rElec    .         Harm     .   (no cloak)
rCorr    .         Rampage  .   s - +0 pair of gloves
Will     .....                  (no boots)
Stlth    +.........             (no amulet)
HPRegen  0.13/turn              (no ring)
MPRegen  0.09/turn              (no ring)

@: berserk cooldown, slowed, very slow
A: unfitting armour, cold-blooded, AC +5
a: Berserk, Trog's Hand, Renounce Religion


You were on level 2 of the Dungeon.
You worshipped Trog.
Trog was pleased with you.
You visited 1 branch of the dungeon, and saw 2 of its levels.

You collected 144 gold pieces.

Inventory:

Hand Weapons
 a - a +0 hand axe (weapon)
 b - a +0 short sword
 c - a +0 club
 d - a +0 club
 e - a +0 club
 l - a +0 club
 n - a +0 dagger
 q - a +0 club
 r - a +0 club
Armour
 j - a +0 plate armour
 s - a +0 pair of gloves (worn)
Scrolls
 f - 2 scrolls of identify {unknown}
 g - a scroll of immolation {unknown}
 h - 3 scrolls of teleportation {unknown}
 k - a scroll of noise {unknown}
 m - 2 scrolls of remove curse {unknown}
 o - a scroll of random uselessness {unknown}
Potions
 i - a potion of berserk rage {unknown}
 p - a potion of degeneration {unknown}


   Skills:
 + Level 3.6 Fighting
 * Level 4.6 Axes
 + Level 3.8 Dodging
 + Level 0.2 Stealth


You had 3 spell levels left.
You didn't know any spells.
Your spell library was empty.

Dungeon Overview and Level Annotations

Branches:
Dungeon (2/15)

Altars:


Innate Abilities, Weirdness & Mutations

Your plain brown scales are hard. (AC +5)
You cannot fit into any form of body armour.
You are cold-blooded and may be slowed by cold attacks.


Message History

Trog accepts your kill. The gnoll hits you but does no damage.
Items here: ))) ††.
You barely miss the gnoll.
You are no longer berserk.
You are exhausted.
You feel yourself slow down. The gnoll barely misses you.
You barely miss the gnoll. The gnoll hits you with a +0 whip.
The gnoll misses you.
You hit the gnoll.
The gnoll is lightly wounded.
The gnoll hits you with a +0 whip.
You barely miss the gnoll.
Your tail-slap misses the gnoll.
The gnoll hits you with a +0 whip!
* * * LOW HITPOINT WARNING * * *
The gnoll barely misses you.
You hit the gnoll.
The gnoll is moderately wounded.
The gnoll hits you with a +0 whip!
You die...

#.# #.# #.# #.# #######
#.# #### #.....# #.#
...
#.....#######.##.###
#..........†@g.....#
#.....#######.##[.)....
#.....# #..........
###.### #####.##### #.#
.# #.# #.# #.# #.#
#.##### #.# #.....# #.#


You could see a gnoll.

Vanquished Creatures
  A worker ant (D:2)
  3 gnolls (D:2)
  2 adders (D:2)
  3 dart slugs
  9 bats
  3 giant cockroaches
  6 goblins
  8 hobgoblins
  8 jackals
  A quokka (D:2)
  A frilled lizard (D:2)
  5 kobolds
  8 rats
58 creatures vanquished.

Vanquished Creatures (others)
  4 toadstools (D:1)
4 creatures vanquished.

Grand Total: 62 creatures vanquished

Notes
Turn   | Place    | Note
-------+----------+-------------------------------------------
     0 | D:1      | ThePonjo the Draconian Berserker began the quest for the
                  | Orb.
     0 | D:1      | Reached XP level 1. HP: 19/19 MP: 1/1
   310 | D:1      | Reached XP level 2. HP: 25/26 MP: 2/2
   675 | D:1      | Reached XP level 3. HP: 29/31 MP: 3/3
   775 | D:1      | Reached ** piety under Trog
  1193 | D:2      | Reached skill level 4 in Axes
  1194 | D:2      | Reached XP level 4. HP: 30/38 MP: 4/4
  1573 | D:2      | Slain by a gnoll

Illustrated notes

Levels and vault maps discovered:
D:1:      ldierk_water_garden, layout_loops_cross, minmay_quantized
D:2:      layout_loops_ring, nicolae_ru_the_path_less_chosen

Skill      XL: |  1  2  3 |
---------------+----------+-----
Dodging        | 3 |  3.8
Axes           | 4 |  4.6
Fighting       | |  3.6
Stealth        | |  0.2

Action                   |  1- 3 |  4- 6 || total
-------------------------+-------+-------++-------
Melee: Hand axe          |   146 |    56 ||   202
       Tailslap          |    13 |     4 ||    17
Invok: Berserk           |       |     1 ||     1
 Stab: Sleeping          |     1 |       ||     1
Armor: Skin              |    54 |    16 ||    70
Dodge: Dodged            |   125 |    26 ||   151

Table legend: (Time is in decaauts)
 A = Elapsed time spent in this place.
 B = Non-inter-level travel time spent in this place.
 C = Inter-level travel time spent in this place.
 D = Time resting spent in this place.
 E = Time spent auto-exploring this place.
 F = Levels seen in this place.
 G = Mean time per level.
                   A        B        C        D        E       F      G
               +--------+--------+--------+--------+--------+-----+--------+
         Total |   1596 |   1457 |    139 |      0 |   1044 |   2 |  798.0 |
       Dungeon |   1596 |   1457 |    139 |      0 |   1044 |   2 |  798.0 |
               +--------+--------+--------+--------+--------+-----+--------+

Top non-repeatable levels by time:
     D:1: 983 daAuts
     D:2: 613 daAuts
